 Dungeon Sprint DCSS version 0.30.0-18-gc0e69614cb (webtiles) character file.

Game seed: 13924112294981006973

123033 bmack86 the Axe Maniac (level 16, -17/183 HPs)
             Began as a Minotaur Fighter on May 25, 2023.
             Was an Initiate of Gozag.
             Killed from afar by an orb of fire (79 damage)
             ... with a fireball
             ... in the Dungeon (Sprint V: "Ziggurat Sprint").
             The game lasted 00:46:30 (2877 turns).

bmack86 the Axe Maniac (Minotaur Fighter)           Turns: 2877, Time: 00:46:31

Health: -17/183    AC: 48    Str: 31    XL:     16   Next: 36%
Magic:  0/24       EV: 13    Int:  5    God:    Gozag
Gold:   2442       SH: 37    Dex: 19    Spells: 15/15 levels left

rFire   . . .        E - +16 obsidian axe {drain, demonic, Mesm Drain Fly SInv}
rCold   . . .        C - +18 shield of the Gong {Loud rN+ Will+ rCorr EV-5}
rNeg    + . .        D - +15 Maxwell's patent armour {-Cast -Tele rElec Will+ rCorr}
rPois   +            H - +2 hat of the Bear Spirit {Spirit, Bear, *Rage Will++}
rElec   +            O - +2 cloak {rPois}
rCorr   +            X - +2 pair of gloves {Dex+3}
SInv    +            (no boots)
Will    +++++        b - amulet "Dudd" {Acrobat Harm +Blink Int-2}
Stlth   +            k - ring of Puopeca {Contam Will+ MP+9 Str+4 SInv}
HPRegen 0.50/turn    R - ring of Unkenn {Dex+6 Slay+6}
MPRegen 0.19/turn

%: no teleportation, no spellcasting, random rage (20%), harm (+30% outgoing,
+20% incoming), acrobat, guardian spirit
@: gold aura, flying, studying Polearms, bribing [the Dungeon]
A: horns 2, retaliatory headbutt, deterioration 1, shaggy fur 1
a: Renounce Religion, Evoke Blink, Potion Petition, Call Merchant, Bribe Branch


You were in the Dungeon.
You worshipped Gozag.
Gozag was most pleased with you.
You visited 1 branch You collected 30186 gold pieces.
You paid 27744 gold pieces to Gozag.

Inventory:

Hand Weapons
 E - the +16 obsidian axe (weapon) {drain, demonic, Mesm Drain Fly SInv}
   (You found it in the Dungeon)

   Mesm:      Its wielder is mesmerised by any visible foes, and it cannot be
   unequipped while any foes are visible.
   SInv:      It lets you see invisible.
   Fly:       It grants you flight.
   Drain:     It drains your maximum health when unequipped.
Armour
 C - the +18 shield of the Gong (worn) {Loud rN+ Will+ rCorr EV-5}
   (You found it in the Dungeon)

   Loud:      It is deafeningly noisy when blocking attacks.
   EV:        It affects your evasion (-5).
   rN:        It protects you from negative energy.
   rCorr:     It protects you from acid and corrosion.
   Will:      It increases your willpower.
 D - the +15 Maxwell's patent armour (worn) {-Cast -Tele rElec Will+ rCorr}
   (You found it in the Dungeon)

   rElec:     It insulates you from electricity.
   -Cast:     It prevents spellcasting.
   -Tele:     It prevents most forms of teleportation.
   rCorr:     It protects you from acid and corrosion.
   Will:      It increases your willpower.
 H - the +2 hat of the Bear Spirit (worn) {Spirit, Bear, *Rage Will++}
   (You found it in the Dungeon)

   Bear:      Going berserk makes the wearer exceptionally tough, and they are
   slowed for a shorter time afterward.
   *Rage:     It berserks you when you make melee attacks (+20% chance).
   Will:      It greatly increases your willpower.
 O - a +2 cloak of poison resistance (worn)
 X - a +2 pair of gloves of dexterity (worn)
Jewellery
 a - the ring "Xicikex" {rN+ MP+9 Int+2}
   (You found it in the Dungeon)

   [ring of magical power]

   Int:       It affects your intelligence (+2).
   rN:        It protects you from negative energy.
   MP:        It affects your magic capacity (+9).
 b - the amulet "Dudd" (around neck) {Acrobat Harm +Blink Int-2}
   (You found it in the Dungeon)

   [amulet of the acrobat]

   It increases your evasion while moving and waiting.
   Int:       It affects your intelligence (-2).
   +Blink:    It lets you blink.
   Harm:      It increases damage dealt and taken.
 c - the ring "Waig" {EV+5 Int+3}
   (You found it in the Dungeon)

   [ring of evasion]

   EV:        It affects your evasion (+5).
   Int:       It affects your intelligence (+3).
 j - the ring "Tecy" {*Corrode rElec Will+ Dex+8}
   (You found it in the Dungeon)

   [ring of willpower]

   Dex:       It affects your dexterity (+8).
   rElec:     It insulates you from electricity.
   *Corrode:  It may corrode you when you take damage.
   Will:      It increases your willpower.
 k - the ring of Puopeca (left hand) {Contam Will+ MP+9 Str+4 SInv}
   (You found it in the Dungeon)

   [ring of willpower]

   Str:       It affects your strength (+4).
   MP:        It affects your magic capacity (+9).
   SInv:      It lets you see invisible.
   Contam:    It causes magical contamination when unequipped.
   Will:      It increases your willpower.
 n - the ring "Hyc Xuock" {rElec rC+ Str+6 SInv}
   (You found it in the Dungeon)

   [ring of strength]

   Str:       It affects your strength (+6).
   rC:        It protects you from cold.
   rElec:     It insulates you from electricity.
   SInv:      It lets you see invisible.
 y - the ring "Siriach" {Fly rF- Will+ Int+3 Slay+3}
   (You found it in the Dungeon)

   [ring of flight]

   Int:       It affects your intelligence (+3).
   Slay:      It affects your accuracy & damage with ranged weapons and melee
   (+3).
   rF:        It makes you vulnerable to fire.
   Fly:       It grants you flight.
   Will:      It increases your willpower.
 J - the ring "Kybroff" {+Blink EV+5 Str+2 Dex+2}
   (You found it in the Dungeon)

   [ring of evasion]

   EV:        It affects your evasion (+5).
   Str:       It affects your strength (+2).
   Dex:       It affects your dexterity (+2).
   +Blink:    It lets you blink.
 Q - the ring "Vimneler" {rN+ Int+4 Stlth+}
   (You found it in the Dungeon)

   [ring of positive energy]

   Int:       It affects your intelligence (+4).
   rN:        It protects you from negative energy.
   Stlth:     It makes you more stealthy.
 R - the ring of Unkenn (right hand) {Dex+6 Slay+6}
   (You found it in the Dungeon)

   [ring of dexterity]

   Dex:       It affects your dexterity (+6).
   Slay:      It affects your accuracy & damage with ranged weapons and melee
   (+6).
 U - an amulet of reflection
Wands
 s - a wand of mindburst (42)
 t - a wand of light (56)
 B - a wand of charming (38)
 I - a wand of flame (132)
 K - a wand of polymorph (15)
 N - a wand of roots (51)
Scrolls
 l - 8 scrolls of fog
 m - 5 scrolls of identify
 Z - 7 scrolls of enchant armour
Potions
 d - 5 potions of might
 e - 10 potions of curing
 f - 10 potions of heal wounds
 g - 12 potions of haste
 h - 7 potions of magic
 i - 2 potions of berserk rage
 o - 2 potions of brilliance
 p - 2 potions of invisibility
 q - 3 potions of resistance


   Skills:
 O Level 27 Fighting
 O Level 27 Axes
 O Level 27 Armour
 + Level 14.8 Dodging
 + Level 12.6 Stealth
 O Level 27 Shields
 + Level 16.3 Evocations


You had 15 spell levels left.
You didn't know any spells.
Your spell library contained the following spells:

 Spells                   Type           Power      Damage    Failure   Level
 Foxfire                  Conj/Fire      0%         2x1d4     80%         1
 Magic Dart               Conj           0%         1d3       80%         1
 Necrotise                Necr           0%         1d4       80%         1
 Sandblast                Erth           0%         2d4       80%         1
 Shock                    Conj/Air       0%         1d3       80%         1
 Sting                    Tmut/Pois      0%         1d3       80%         1
 Blink                    Tloc           0%         N/A       91%         2
 Call Imp                 Summ           0%         N/A       91%         2
 Cigotuvi's Dreadful Rot  Necr/Pois/Air  0%         N/A       91%         2
 Ensorcelled Hibernation  Hex/Ice        0%         N/A       91%         2
 Lesser Beckoning         Tloc           0%         N/A       91%         2
 Momentum Strike          Conj/Tloc      0%         3d8       91%         2
 Passwall                 Tmut/Erth      0%         N/A       91%         2
 Poisonous Vapours        Pois/Air       0%         N/A       91%         2
 Static Discharge         Conj/Air       0%         2-2/arc   91%         2
 Sublimation of Blood     Necr           0%         N/A       91%         2
 Wereblood                Tmut           0%         N/A       91%         2
 Frozen Ramparts          Ice            0%         1d1       99%         3
 Hailstorm                Conj/Ice       0%         3d3       99%         3
 Ignite Poison            Fire/Tmut/Pois 0%         N/A       99%         3
 Mephitic Cloud           Conj/Pois/Air  0%         N/A       99%         3
 Ozocubu's Armour         Ice            0%         N/A       99%         3
 Spider Form              Tmut/Pois      0%         N/A       99%         3
 Stone Arrow              Conj/Erth      0%         3d7       99%         3
 Vampiric Draining        Necr           0%         2d6       99%         3
 Vhi's Electric Charge    Tloc/Air       0%         N/A       99%         3
 Airstrike                Air            0%         2d(0-16)  100%        4
 Anguish                  Hex/Necr       0%         N/A       100%        4
 Animate Armour           Summ/Erth      0%         N/A       100%        4
 Dispel Undead            Necr           0%         3d6       100%        4
 Ice Form                 Ice/Tmut       0%         N/A       100%        4
 Leda's Liquefaction      Hex/Erth       0%         N/A       100%        4
 Manifold Assault         Tloc           0%         N/A       100%        4
 Petrify                  Tmut/Erth      0%         N/A       100%        4
 Summon Ice Beast         Ice/Summ       0%         N/A       100%        4
 Summon Lightning Spire   Summ/Air       0%         N/A       100%        4
 Agony                    Necr           0%         N/A       100%        5
 Alistair's Intoxication  Tmut/Pois      0%         N/A       100%        5
 Arcjolt                  Conj/Air       0%         1d10      100%        5
 Blade Hands              Tmut           0%         N/A       100%        5
 Borgnjor's Vile Clutch   Necr/Erth      0%         N/A       100%        5
 Fireball                 Conj/Fire      0%         3d3       100%        5
 Freezing Cloud           Conj/Ice/Air   0%         6-21      100%        5
 Irradiate                Conj/Tmut      0%         3d11      100%        5
 Lee's Rapid Deconstruct  Erth           0%         3d4*      100%        5
 Metabolic Englaciation   Hex/Ice        0%         N/A       100%        5
 Silence                  Hex/Air        0%         N/A       100%        5
 Summon Forest            Summ/Tloc      0%         N/A       100%        5
 Yara's Violent Unravell  Hex/Tmut       0%         3d3       100%        5
 Death Channel            Necr           0%         N/A       100%        6
 Dispersal                Tloc           0%         N/A       100%        6
 Eringya's Noxious Bog    Tmut/Pois      0%         N/A       100%        6
 Iron Shot                Conj/Erth      0%         9d1       100%        6
 Plasma Beam              Fire/Air       0%         2x1d11    100%        6
 Starburst                Conj/Fire      0%         6d3       100%        6
 Statue Form              Tmut/Erth      0%         N/A       100%        6
 Dragon Form              Tmut           0%         N/A       100%        7
 Malign Gateway           Summ/Tloc      0%         N/A       100%        7
 Ozocubu's Refrigeration  Ice            0%         4d7       100%        7
 Storm Form               Tmut/Air       0%         N/A       100%        7
 Summon Hydra             Summ           0%         N/A       100%        7
 Disjunction              Tloc           0%         N/A       100%        8
 Ignition                 Fire           0%         3d3       100%        8
 Maxwell's Capacitive Co  Air            0%         ∞         100%        8
 Summon Horrible Things   Summ           0%         N/A       100%        8
 Chain Lightning          Conj/Air       0%         N/A       100%        9
 Dragon's Call            Summ           0%         N/A       100%        9
 Fire Storm               Conj/Fire      0%         5d1       100%        9
 Shatter                  Erth           0%         3d5*      100%        9
 Simulacrum               Ice/Necr       Unusable   N/A       N/A         6

Dungeon Overview and Level Annotations

Branches:
Dungeon (1/1)

Altars:
Ashenzari
Cheibriados
Dithmenos
Elyvilon
Fedhas
Gozag
Hepliaklqana
Kikubaaqudgha
Makhleb
Nemelex Xobeh
Okawaru
Qazlal
Ru
Sif Muna
Trog
Uskayaw
Vehumet
Wu Jian
Xom
Yredelemnul
Zin
The Shining One
Jiyva
Lugonu


Innate Abilities, Weirdness & Mutations

You have a pair of horns on your head.
You reflexively headbutt those who attack you in melee.
Your body sometimes deteriorates upon taking damage.
You are covered in fur. (AC +1)


Message History

Your Ice Fiend claws something but does no damage. x2
Your wendigo claws something!
Your wendigo freezes something.
Your wendigo completely misses something.
The wendigo claws something!
The wendigo freezes something!!!
Your wendigo claws something!!
Your wendigo freezes something.
Your wendigo bites something but does no damage.
Something claws your Ice Fiend! Something freezes your Ice Fiend.
Your Ice Fiend completely resists.
Something bites your Ice Fiend but does no damage.
Your Ice Fiend claws something!
Your Ice Fiend freezes something.
Your Ice Fiend claws something!!
Your Ice Fiend freezes something.
Something claws your nargun but does no damage. x2
The shard shrike spits a shard of ice at you.
The shard of ice hits your Ice Fiend!!
Your Ice Fiend partially resists.
Something bites the Ice Fiend but does no damage.
Your deep elf pyromancer gestures wildly while chanting.
Your deep elf pyromancer blinks!
You slice the shard shrike!! You drain the shard shrike.
The shard shrike is no longer distracted by gold.
The shard shrike is almost dead.
The shard shrike claws your nargun. The shard shrike freezes your nargun.
Your nargun completely resists.
The shard shrike spits a shard of ice at you.
You block the shard of ice.
GONNNNG!
Your orb of fire glows red.
The shard shrike is distracted by your dazzling golden aura.
Your orb of fire glows yellow.
The fireball explodes!
The fireball engulfs the shard shrike!!!!
You are no longer entranced.
The shard shrike dies!
The fireball engulfs your orb of fire.
Your orb of fire completely resists.
The fireball engulfs your orb of fire.
Your orb of fire completely resists.
The fireball engulfs you!!!!
You die...
Your body crumbles into a pile of gold. :).|..▓ .)=.|.▓ RRR911/1)R9W9bZ .)").C▓ 1/R99))$11[9"9)

......▓
.R9.R=:|R"....b
......▓
.....R.9$91R...
......▓
........R......
......▓
...............
......▓
....*.$.*......
......▓
.....**@*......
......▓
....e*..*......
......▓
.....C222C.....
......
.......9e......
......
.......3C......
.▓....
.......§.......
▓▓▓...
...............
.▓....
...............
....
...............


You could see 2 shard shrikes, a giant cockroach simulacrum, 3 neutral Ice
Fiends, 3 neutral wendigos, 4 neutral narguns, a neutral freezing wraith
(wandering), 7 friendly orbs of fire, 2 friendly titans, 4 friendly Ice Fiends,
a friendly fire giant (unaware), 8 friendly wendigos, 3 friendly balrugs, a
friendly deep elf master archer (unaware), a friendly soul eater (summoned), 7
friendly narguns and a friendly deep elf pyromancer.

Vanquished Creatures
  An orb of fire (D)
  A shard shrike (D)
  2 caustic shrikes (shapeshifter) (D)
  2 electric golems (D)
  A deep elf master archer (D)
  A deep elf blademaster (D)
  A storm dragon (shapeshifter) (D)
  2 storm dragons (D)
  A deep elf sorcerer (D)
  3 ghost moths (D)
  2 iron dragons (D)
  2 quicksilver elementals (D)
  A broodmother (D)
  A crystal guardian (D)
  6 iron golems (D)
  An entropy weaver (D)
  A fire dragon (D)
  An entropy weaver (shapeshifter) (D)
  A spriggan air mage (D)
  A hydra (D)
  A radroach (D)
  6 dancing weapons (D)
  A hell hog (D)
  2 soul eaters (D)
  A fire crab (shapeshifter) (D)
  5 pharaoh ants (D)
  A sun moth (D)
  A sea snake (shapeshifter) (D)
  An orb spider (D)
  6 steelbarb worms (D)
  A deep elf pyromancer (D)
  2 deep elf zephyrmancers (D)
  A shining eye (D)
  6 wolf spiders (D)
  3 moths of wrath (D)
  An elephant (D)
  2 salamanders (shapeshifter) (D)
  An eye of devastation (shapeshifter) (D)
  2 cane toads (D)
  A black mamba (D)
  5 demonic crawlers (D)
  3 torpor snails (D)
  A cane toad (shapeshifter) (D)
  A komodo dragon (shapeshifter) (D)
  A yaktaur (shapeshifter) (D)
  A komodo dragon (D)
  2 wind drakes (D)
  3 merfolk (D)
  4 tarantellas (D)
  A blink frog (D)
  A hornet (D)
  2 shadows (D)
  2 jumping spiders (shapeshifter) (D)
  2 culicivoras (D)
  A wyvern (D)
  4 air elementals (D)
  A spriggan (shapeshifter) (D)
  A water elemental (D)
  A basilisk (D)
  A hog (shapeshifter) (D)
  2 yaks (D)
  5 redbacks (D)
  A neqoxec (D)
  3 hell hounds (D)
  An orc warrior (D)
  2 centaurs (D)
  A phantom (D)
  A bullfrog (D)
  A necrophage (D)
  6 earth elementals (D)
  2 wights (D)
  An iguana (shapeshifter) (D)
  An iguana (D)
  3 orc wizards (D)
  A river rat (D)
  2 adders (D)
  An orc (D)
  A bat skeleton (D)
  A bat zombie (D)
  A jackal (D)
  2 ball pythons (D)
  A jackal skeleton (D)
  A quokka skeleton (D)
  A spectral quokka (D)
157 creatures vanquished.

Vanquished Creatures (collateral kills)
  A juggernaut (shapeshifter) (D)
  2 shard shrikes (D)
  A caustic shrike (D)
  6 electric golems (D)
  An Ice Fiend (D)
  A quicksilver dragon (D)
  6 storm dragons (D)
  4 narguns (D)
  3 deep elf sorcerers (D)
  A quicksilver elemental (D)
  A ghost moth (D)
  3 balrugs (D)
  An eleionoma (shapeshifter) (D)
  2 deep elf annihilators (D)
  5 wendigos (D)
  3 iron golems (D)
  5 fire dragons (D)
  7 deep elf high priests (D)
  A radroach (shapeshifter) (D)
  3 radroaches (D)
  2 dancing weapons (D)
  3 hell hogs (D)
  A deep elf knight (D)
  A soul eater (D)
  A skeletal warrior (D)
  2 pharaoh ants (D)
  3 deep elf archers (D)
  An orb spider (D)
  A deep elf zephyrmancer (D)
  2 deep elf pyromancers (D)
  2 steelbarb worms (D)
  A shining eye (D)
  A wolf spider (D)
  A guardian serpent (shapeshifter) (D)
  2 torpor snails (D)
  A demonic crawler (D)
  A cane toad (shapeshifter) (D)
  A yaktaur (shapeshifter) (D)
  A komodo dragon (D)
  A hellion (D)
  2 efreet (D)
  7 wind drakes (D)
  2 hornets (D)
  A merfolk (D)
  A troll (shapeshifter) (D)
  A merfolk (shapeshifter) (D)
  A raiju (shapeshifter) (D)
  A tarantella (D)
  3 jumping spiders (D)
  3 air elementals (D)
  A culicivora (D)
  3 vampires (D)
  2 shadows (D)
  5 fire elementals (D)
  4 redbacks (D)
  An acid dragon (shapeshifter) (D)
  A hell hound (D)
  A centaur (D)
  4 earth elementals (D)
  2 wights (D)
  An orc priest (D)
  A spectral adder (D)
  4 adder zombies (D)
  An orc (D)
  A bat zombie (D)
  A hobgoblin (shapeshifter) (D)
  A jackal simulacrum (D)
  A jackal skeleton (D)
  A quokka skeleton (D)
  3 fire vortices (D)
147 creatures vanquished.

Vanquished Creatures (others)
  5 titans (D)
  An Ice Fiend (D)
  A deep elf master archer (D)
  A rockslime (shapeshifter) (D)
  A fire giant (D)
  2 narguns (D)
  A balrug (D)
  2 war gargoyles (D)
  A vampire knight (D)
  4 wendigos (D)
  A deep elf high priest (D)
  2 entropy weavers (D)
  7 spriggan air magi (D)
  A dancing weapon (D)
  A hell hog (D)
  2 deep elf knights (D)
  3 necromancers (D)
  2 deep elf pyromancers (D)
  A salamander (shapeshifter) (D)
  An orc sorcerer (D)
  An elephant (shapeshifter) (D)
  A guardian serpent (shapeshifter) (D)
  A gargoyle (D)
  An unseen horror (shapeshifter) (D)
  4 hellions (D)
  2 efreet (D)
  A freezing wraith (D)
  A queen bee (shapeshifter) (D)
  2 wind drakes (D)
  A dream sheep (shapeshifter) (D)
  A vampire (D)
  A culicivora (D)
  A redback (shapeshifter) (D)
  2 hell hounds (D)
  A floating eye (shapeshifter) (D)
  A wight (D)
  2 adder skeletons (D)
  A ball python simulacrum (D)
  A ball python skeleton (D)
  A spectral jackal (D)
  A fire vortex (D)
68 creatures vanquished.

Grand Total: 372 creatures vanquished

Notes
Turn   | Place    | Note
-------+----------+-------------------------------------------
     0 | D        | bmack86 the Minotaur Fighter began the quest for the Orb.
     0 | D        | Reached XP level 1. HP: 19/19 MP: 0/0
     4 | D        | Found a blossoming altar of Fedhas.
     4 | D        | Found the +6 Majin-Bo {spellvamp, MP+6 Int+6}
     4 | D        | Found the +27 heavy crossbow "Sniper" {heavy, Acc+∞ SInv}
     4 | D        | Found the +10 dark maul {heavy}
     4 | D        | Found the +15 Maxwell's patent armour {-Cast -Tele rElec
                  | Will+ rCorr}
     4 | D        | Found the +18 shield of the Gong {Loud rN+ Will+ rCorr
                  | EV-5}
     4 | D        | Found the +16 obsidian axe {drain, demonic, Mesm Drain Fly
                  | SInv}
     4 | D        | Found the +7 great mace "Firestarter" {flame, immolate,
                  | rFlCloud rF++}
     4 | D        | Found the +6 shillelagh "Devastator" {shatter}
     4 | D        | Found the +11 plutonium sword {Contam Stlth-}
     4 | D        | Found the +8 lance "Wyrmbane" {slay drac, rPois rF+ rC+
                  | AC+3}
     4 | D        | Found the +9 sword of Zonguldrok {reap}
     4 | D        | Found the +13 scythe of Curses {drain, curses, Drain}
     4 | D        | Found the +9 sword of Power {lifebolt}
     4 | D        | Found the +7 mace of Variability {chaos, chaos arc}
     4 | D        | Found the +11 Singing Sword {sonic wave}
     4 | D        | Found the +8 storm bow {elec, penet}
     5 | D        | Found a viscous altar of Jiyva.
     5 | D        | Found a hazy altar of Hepliaklqana.
     5 | D        | Found a transporter.
     5 | D        | Found an opulent altar of Gozag.
     5 | D        | Found an ancient bone altar of Kikubaaqudgha.
     5 | D        | Found a corrupted altar of Lugonu.
     7 | D        | Found a burning altar of Makhleb.
     8 | D        | Found a sacrificial altar of Ru.
     8 | D        | Found a shimmering blue altar of Sif Muna.
     8 | D        | Found a stormy altar of Qazlal.
     8 | D        | Found a bloodstained altar of Trog.
     8 | D        | Found an iron altar of Okawaru.
     8 | D        | Found a sparkling altar of Nemelex Xobeh.
    75 | D        | Became a worshipper of Gozag Ym Sagoz the Greedy
    84 | D        | Entered arena 2.
    84 | D        | Noticed a phantom
    84 | D        | Noticed a necrophage
    84 | D        | Found a transporter.
    89 | D        | Killed a necrophage
    90 | D        | Reached XP level 2. HP: 24/26 MP: 1/1
    90 | D        | Reached XP level 3. HP: 29/31 MP: 2/2
    93 | D        | Killed a phantom
    94 | D        | Reached XP level 4. HP: 38/39 MP: 3/3
   106 | D        | Entered arena 3.
   106 | D        | Noticed a hell hound
   106 | D        | Found a transporter.
   110 | D        | Killed a hell hound
   111 | D        | Reached XP level 5. HP: 38/45 MP: 4/4
   130 | D        | Reached skill level 15 in Axes
   130 | D        | Reached XP level 6. HP: 56/58 MP: 5/5
   131 | D        | Entered arena 4.
   131 | D        | Found a transporter.
   151 | D        | Entered arena 5.
   151 | D        | Noticed an air elemental
   151 | D        | Noticed an air elemental
   151 | D        | Noticed an air elemental
   151 | D        | Noticed an air elemental
   151 | D        | Found a transporter.
   151 | D        | Paralysed by an air elemental for 1 turns
   154 | D        | Killed an air elemental
   155 | D        | Reached XP level 7. HP: 64/64 MP: 6/6
   155 | D        | Paralysed by an air elemental for 1 turns
   158 | D        | Killed an air elemental
   158 | D        | Killed an air elemental
   160 | D        | Killed an air elemental
   161 | D        | Reached XP level 8. HP: 70/71 MP: 7/7
   228 | D        | Entered arena 6.
   228 | D        | Found a transporter.
   281 | D        | Entered arena 7.
   281 | D        | Found the +2 hat of the Bear Spirit {Spirit, Bear, *Rage
                  | Will++}
   281 | D        | Noticed a yaktaur
   281 | D        | Noticed a shining eye
   281 | D        | Noticed a shining eye
   281 | D        | Noticed a jumping spider
   281 | D        | Noticed a komodo dragon
   285 | D        | Killed a jumping spider
   286 | D        | Found a transporter.
   287 | D        | Killed a komodo dragon
   288 | D        | Reached skill level 10 in Shields
   289 | D        | Killed a yaktaur
   290 | D        | Reached XP level 9. HP: 70/78 MP: 8/8
   292 | D        | Killed a shining eye
   295 | D        | Gained mutation: Your body sometimes deteriorates upon
                  | taking damage. [a shining eye]
   297 | D        | Killed a shining eye
   298 | D        | Reached skill level 15 in Shields
   326 | D        | Entered arena 8.
   326 | D        | Noticed a +2 halberd of flaming
   326 | D        | Noticed a +1 heavy mace
   326 | D        | Noticed a deep elf knight
   327 | D        | Found a transporter.
   330 | D        | Killed a +1 heavy mace
   334 | D        | Killed a deep elf knight
   335 | D        | Reached XP level 10. HP: 79/92 MP: 9/9
   335 | D        | Killed a +2 halberd of flaming
   336 | D        | Reached skill level 10 in Fighting
   336 | D        | Reached skill level 10 in Armour
   366 | D        | Entered arena 9.
   367 | D        | Found a transporter.
   393 | D        | Got the ring "Kybroff" {+Blink EV+5 Str+2 Dex+2}
   400 | D        | Entered arena 10.
   401 | D        | Found a transporter.
   466 | D        | Entered arena 11.
   466 | D        | Noticed a deep elf zephyrmancer
   466 | D        | Noticed a deep elf zephyrmancer
   466 | D        | Noticed a +0 heavy dire flail
   466 | D        | Noticed a deep elf pyromancer
   466 | D        | Noticed a +0 flail of holy wrath
   466 | D        | Noticed a deep elf zephyrmancer
   466 | D        | Noticed a deep elf archer
   466 | D        | Noticed a +0 trident of flaming
   468 | D        | Found a transporter.
   471 | D        | Killed a +0 flail of holy wrath
   473 | D        | Killed a +0 trident of flaming
   475 | D        | Killed a deep elf zephyrmancer
   476 | D        | Reached XP level 11. HP: 86/108 MP: 7/10
   477 | D        | Killed a deep elf zephyrmancer
   477 | D        | Killed a +0 heavy dire flail
   478 | D        | Killed a deep elf zephyrmancer
   481 | D        | Killed a deep elf pyromancer
   485 | D        | Killed a deep elf archer
   511 | D        | Got the amulet "Dudd" {Acrobat Harm +Blink Int-2}
   513 | D        | Got the Papyrus of Vehement Topology
   533 | D        | Entered arena 12.
   533 | D        | Noticed a broodmother
   533 | D        | Noticed an entropy weaver
   533 | D        | Noticed a wolf spider
   533 | D        | Noticed a steelbarb worm
   533 | D        | Noticed a wolf spider
   533 | D        | Noticed a steelbarb worm
   533 | D        | Noticed a pharaoh ant
   535 | D        | Found a transporter.
   537 | D        | Killed a wolf spider
   538 | D        | Reached skill level 15 in Fighting
   538 | D        | Reached skill level 15 in Armour
   538 | D        | Killed a wolf spider
   538 | D        | Killed a pharaoh ant
   541 | D        | Killed a broodmother
   541 | D        | Killed a steelbarb worm
   544 | D        | Killed a steelbarb worm
   560 | D        | Got the Tractate on the Coward and Air
   566 | D        | Got the ring of Puopeca {Contam Will+ MP+9 Str+4 SInv}
   573 | D        | Got the ring "Ziriygump" {rN+ Dex+3}
   658 | D        | Entered arena 13.
   658 | D        | Noticed a vampire knight
   658 | D        | Noticed a lich
   659 | D        | Noticed a necromancer
   660 | D        | Found a transporter.
   664 | D        | Killed a necromancer
   705 | D        | Entered arena 14.
   707 | D        | Noticed a soul eater
   707 | D        | Noticed a soul eater
   707 | D        | Noticed a soul eater
   707 | D        | Noticed a ghoul
   707 | D        | Noticed a soul eater
   709 | D        | Found a transporter.
   713 | D        | Killed a soul eater
   715 | D        | Killed a soul eater
   717 | D        | Killed a soul eater
   718 | D        | Reached XP level 12. HP: 124/124 MP: 11/11
   755 | D        | Got Sif Muna's Anthology of the Geologist
   769 | D        | Entered arena 15.
   770 | D        | Noticed a spriggan air mage
   770 | D        | Noticed a four-headed hydra
   773 | D        | Found a transporter.
   775 | D        | Killed a six-headed hydra
   778 | D        | Killed a spriggan air mage
   830 | D        | Entered arena 16.
   831 | D        | Noticed an iron golem
   831 | D        | Noticed a war gargoyle
   831 | D        | Noticed a quicksilver elemental
   831 | D        | Noticed a caustic shrike
   831 | D        | Noticed a war gargoyle
   831 | D        | Noticed a war gargoyle
   831 | D        | Noticed an ancient champion
   831 | D        | Found the +10 zealot's sword {holy, Zealotry, *Rage rN+
                  | EV+3}
   831 | D        | Noticed a war gargoyle
   831 | D        | Noticed an ancient champion
   832 | D        | Noticed a quicksilver elemental
   833 | D        | Noticed a quicksilver elemental
   833 | D        | Noticed an ancient champion
   833 | D        | Noticed an ancient champion
   833 | D        | Found the +5 scythe "Finisher" {speed, execute}
   836 | D        | Killed a quicksilver elemental
   837 | D        | Found a transporter.
   837 | D        | Killed a quicksilver elemental
   838 | D        | Killed a caustic shrike
   841 | D        | Killed a quicksilver elemental
   847 | D        | Killed an iron golem
   862 | D        | Got the Guidebook on the Electric Shift
   927 | D        | Entered arena 17.
   930 | D        | Noticed a deep elf high priest
   930 | D        | Noticed a deep elf high priest
   931 | D        | Noticed a deep elf blademaster
   931 | D        | Noticed a deep elf annihilator
   932 | D        | Found a transporter.
   940 | D        | Reached XP level 13. HP: 137/137 MP: 10/12
   970 | D        | Got the ring "Vimneler" {rN+ Int+4 Stlth+}
  1000 | D        | Entered arena 18.
  1003 | D        | Noticed an iron golem
  1003 | D        | Noticed a quicksilver dragon
  1003 | D        | Noticed an iron dragon
  1003 | D        | Noticed an iron golem
  1003 | D        | Noticed an iron golem
  1003 | D        | Noticed an iron golem
  1003 | D        | Noticed an iron dragon
  1003 | D        | Noticed a crystal guardian
  1003 | D        | Noticed an iron golem
  1004 | D        | Noticed an iron golem
  1006 | D        | Noticed an iron golem
  1006 | D        | Noticed an iron golem
  1008 | D        | Found a transporter.
  1011 | D        | Killed an iron dragon
  1013 | D        | Killed a quicksilver dragon
  1015 | D        | Killed a crystal guardian
  1016 | D        | Killed an iron dragon
  1025 | D        | Killed an iron golem
  1026 | D        | Killed an iron golem
  1033 | D        | Killed an iron golem
  1036 | D        | Killed an iron golem
  1038 | D        | HP: 6/139 [iron golem (18)]
  1041 | D        | Killed an iron golem
  1048 | D        | Killed an iron golem
  1051 | D        | Killed an iron golem
  1052 | D        | Killed an iron golem
  1146 | D        | Got A Thorough Guide to Mysticism
  1149 | D        | Got the ring of Unkenn {Dex+6 Slay+6}
  1151 | D        | Got Saxivergh's Excursus on the Friendly Dose
  1154 | D        | Got the amulet "Atoafe Saemu" {Spirit -Cast Str+3 Slay+2}
  1166 | D        | Got Tumiebbu's Atlas of Frost and the Sky
  1176 | D        | Entered arena 19.
  1180 | D        | Found the sphere of Battle
  1181 | D        | Found a transporter.
  1295 | D        | Got the ring of Kanieb Sum {rCorr Int+3 Dex+2}
  1297 | D        | Got the ring of Mauffaprog {Ice +Blink rN+ Will+}
  1302 | D        | Got the Almanac of Accelerants
  1336 | D        | Entered arena 20.
  1344 | D        | Noticed an ancient lich
  1344 | D        | Noticed a vampire knight
  1345 | D        | Found a transporter.
  1349 | D        | Noticed a jiangshi
  1419 | D        | Got the ring "Ebeb" {rF- Str+2 Dex+2 SInv}
  1467 | D        | Entered arena 21.
  1471 | D        | Noticed a titan
  1471 | D        | Noticed a wendigo
  1472 | D        | Noticed a nargun
  1472 | D        | Noticed a shard shrike
  1472 | D        | Noticed a nargun
  1472 | D        | Noticed a nargun
  1472 | D        | Noticed a wendigo
  1472 | D        | Noticed a dread lich
  1472 | D        | Noticed a nargun
  1472 | D        | Noticed a nargun
  1473 | D        | Noticed an Ice Fiend
  1473 | D        | Noticed a nargun
  1473 | D        | Noticed a nargun
  1473 | D        | Noticed a wendigo
  1473 | D        | Noticed a wendigo
  1473 | D        | Noticed a nargun
  1473 | D        | Noticed a wendigo
  1473 | D        | Noticed a nargun
  1473 | D        | Noticed an Ice Fiend
  1473 | D        | Found the +10 morningstar "Eos" {elec, Halo rElec}
  1473 | D        | Killed a nargun
  1475 | D        | Killed a shard shrike
  1476 | D        | Reached XP level 14. HP: 152/152 MP: 13/13
  1476 | D        | Found a transporter.
  1476 | D        | Killed a nargun
  1478 | D        | Killed a nargun
  1478 | D        | Killed a nargun
  1481 | D        | Killed an Ice Fiend
  1649 | D        | Got the amulet "Josmepei" {Faith rPois rC+ Str-2}
  1660 | D        | Got Sif Muna's Opusculum on Changing
  1714 | D        | Entered arena 22.
  1718 | D        | Noticed a deep elf master archer
  1718 | D        | Noticed a deep elf sorcerer
  1718 | D        | Noticed a deep elf blademaster
  1718 | D        | Noticed a deep elf master archer
  1718 | D        | Noticed a deep elf sorcerer
  1719 | D        | Identified the +3 chain mail of Qetymi {rPois Slay+2
                  | Stlth-}
  1719 | D        | Noticed a deep elf master archer
  1719 | D        | Identified the +1 battleaxe of Pain and Death {vamp, Dex+2
                  | Stlth+}
  1719 | D        | Identified the +12 spear "Qeps" {flame, Int+4}
  1720 | D        | Noticed a deep elf sorcerer
  1720 | D        | Noticed a deep elf master archer
  1720 | D        | Identified the +5 dagger "Zool" {elec, rElec rF- rCorr
                  | SInv}
  1721 | D        | Identified the ring "Wuyveewn" {rN+ Dex+4}
  1721 | D        | Noticed a deep elf sorcerer
  1721 | D        | Identified the +8 broad axe "Hymedgheu" {protect, *Noise
                  | rN+ SInv}
  1722 | D        | Killed a deep elf sorcerer
  1723 | D        | Killed a deep elf blademaster
  1723 | D        | Killed a deep elf sorcerer
  1724 | D        | Found a transporter.
  1724 | D        | Killed a deep elf master archer
  1726 | D        | Killed a deep elf master archer
  1727 | D        | Reached skill level 1 in Evocations
  1911 | D        | Entered arena 23.
  1917 | D        | Noticed a glowing shapeshifter
  1917 | D        | a glowing shapeshifter changed into a rockslime
  1917 | D        | Noticed a rockslime (glowing shapeshifter)
  1918 | D        | Noticed a quicksilver ooze
  1918 | D        | Noticed a quicksilver ooze
  1918 | D        | Noticed a shard shrike
  1918 | D        | Noticed a juggernaut
  1918 | D        | a quicksilver ooze changed into a boulder beetle
  1918 | D        | a juggernaut changed into a rockslime
  1918 | D        | Noticed a rockslime (glowing shapeshifter)
  1919 | D        | Noticed a juggernaut
  1919 | D        | Noticed a titan
  1920 | D        | a juggernaut changed into a titan
  1920 | D        | Noticed a titan (glowing shapeshifter)
  1920 | D        | a death yak changed into a storm dragon
  1920 | D        | Noticed a storm dragon (glowing shapeshifter)
  1920 | D        | a rockslime changed into an iron dragon
  1920 | D        | Noticed an iron dragon (glowing shapeshifter)
  1921 | D        | Killed a rockslime
  1922 | D        | Found a transporter.
  1922 | D        | a titan changed into a rockslime
  1922 | D        | Noticed a rockslime (glowing shapeshifter)
  1924 | D        | a rockslime changed into a caustic shrike
  1924 | D        | Noticed a caustic shrike (glowing shapeshifter)
  1924 | D        | a titan changed into an iron dragon
  1924 | D        | Noticed an iron dragon (glowing shapeshifter)
  1924 | D        | an iron dragon changed into an acid blob
  1924 | D        | Noticed an acid blob (glowing shapeshifter)
  1926 | D        | Reached skill level 27 in Axes
  1928 | D        | an acid blob changed into a titan
  1928 | D        | Noticed a titan (glowing shapeshifter)
  1929 | D        | an iron dragon changed into a golden dragon
  1929 | D        | Noticed a golden dragon (glowing shapeshifter)
  1929 | D        | a shard shrike changed into a rockslime
  1929 | D        | Noticed a rockslime (glowing shapeshifter)
  1929 | D        | a titan changed into a juggernaut
  1929 | D        | Noticed a juggernaut (glowing shapeshifter)
  1931 | D        | a rockslime changed into a caustic shrike
  1931 | D        | Noticed a caustic shrike (glowing shapeshifter)
  1932 | D        | Killed a storm dragon
  1933 | D        | Reached skill level 5 in Evocations
  1934 | D        | Killed a caustic shrike
  1935 | D        | a golden dragon changed into a shadow dragon
  1935 | D        | Noticed a shadow dragon (glowing shapeshifter)
  1936 | D        | Killed a caustic shrike
  1938 | D        | Killed a juggernaut
  1939 | D        | a shadow dragon changed into an eleionoma
  1983 | D        | Got the ring "Witoon" {rPois Dex+4}
  2009 | D        | Got the ring "Zickew" {Ice +Blink MP+9}
  2011 | D        | Got the Quarto of Massed Concussion
  2068 | D        | Entered arena 24.
  2074 | D        | Noticed a titan
  2074 | D        | Noticed a titan
  2074 | D        | Noticed a storm dragon
  2074 | D        | Noticed a titan
  2074 | D        | Noticed a titan
  2074 | D        | Noticed an electric golem
  2075 | D        | Noticed a storm dragon
  2075 | D        | Noticed a storm dragon
  2076 | D        | Noticed a storm dragon
  2076 | D        | Noticed an electric golem
  2076 | D        | Noticed a storm dragon
  2076 | D        | Noticed an electric golem
  2076 | D        | Noticed an electric golem
  2076 | D        | Noticed an electric golem
  2076 | D        | Identified the ring "Ritu" {Fire Str-3 Int+3 Dex+3}
  2076 | D        | Noticed an electric golem
  2076 | D        | Noticed an electric golem
  2076 | D        | Found the +7 great mace "Undeadhunter" {deathbane, rN+}
  2076 | D        | Noticed a storm dragon
  2077 | D        | Noticed a titan
  2077 | D        | Noticed an electric golem
  2077 | D        | Noticed a storm dragon
  2077 | D        | Identified the staff of death "Dijywiez" {rPois rN+ rCorr
                  | Str+3}
  2077 | D        | Noticed a storm dragon
  2077 | D        | Paralysed by an air elemental for 1 turns
  2081 | D        | Reached XP level 15. HP: 168/170 MP: 12/14
  2082 | D        | Killed a storm dragon
  2083 | D        | Killed an electric golem
  2086 | D        | Killed an electric golem
  2089 | D        | Killed an electric golem
  2090 | D        | Killed a storm dragon
  2091 | D        | Killed a storm dragon
  2091 | D        | Killed an electric golem
  2092 | D        | Reached skill level 27 in Fighting
  2094 | D        | Killed an electric golem
  2095 | D        | Reached skill level 10 in Evocations
  2095 | D        | Killed an electric golem
  2096 | D        | Killed an electric golem
  2098 | D        | Killed a storm dragon
  2099 | D        | Reached skill level 27 in Shields
  2099 | D        | Killed an electric golem
  2099 | D        | Killed a storm dragon
  2100 | D        | Killed a storm dragon
  2101 | D        | Killed a storm dragon
  2102 | D        | Found a transporter.
  2103 | D        | Killed a storm dragon
  2183 | D        | Got the ring "Wocaod" {rPois Str+6}
  2188 | D        | Got the Volume of the Syncline and the Wind
  2190 | D        | Got the Elucidation of the Amassed Door
  2212 | D        | Got the ring "Siriach" {Fly rF- Will+ Int+3 Slay+3}
  2234 | D        | Got the ring of Plog {Ice rElec rPois Int-2 Dex+3}
  2319 | D        | Entered arena 25.
  2330 | D        | Reached skill level 5 in Dodging
  2332 | D        | Reached skill level 5 in Stealth
  2334 | D        | Found a transporter.
  2338 | D        | Reached skill level 27 in Armour
  2348 | D        | Reached skill level 10 in Dodging
  2360 | D        | Reached XP level 16. HP: 167/183 MP: 2/15
  2582 | D        | Got the ring of Fogiun {Fire +Blink SInv}
  2675 | D        | Got the ring "Xicikex" {rN+ MP+9 Int+2}
  2694 | D        | Entered arena 26.
  2703 | D        | Noticed an orb of fire
  2703 | D        | Noticed an orb of fire
  2703 | D        | Noticed an orb of fire
  2703 | D        | Noticed an orb of fire
  2703 | D        | Noticed an orb of fire
  2704 | D        | Noticed an orb of fire
  2704 | D        | Noticed an orb of fire
  2705 | D        | Identified the ring "Waig" {EV+5 Int+3}
  2708 | D        | Noticed an orb of fire
  2708 | D        | Gained mutation: You are covered in fur. (AC +1) [an orb of
                  | fire]
  2711 | D        | Identified the +7 mace "Lomeusch" {heavy, Drain +Blink
                  | rElec rN++}
  2711 | D        | Noticed an orb of fire
  2712 | D        | Found the -2 hat of the Alchemist {rElec rPois rF+ rC+ rN+
                  | Will+ rMut rCorr}
  2712 | D        | Found the +8 whip "Snakebite" {venom, curare, rPois}
  2714 | D        | Found a transporter.
  2719 | D        | Killed an orb of fire
  2720 | D        | Reached skill level 10 in Stealth
  2720 | D        | Reached skill level 15 in Evocations
  2781 | D        | Got the ring "Tecy" {*Corrode rElec Will+ Dex+8}
  2784 | D        | Got the ring "Hyc Xuock" {rElec rC+ Str+6 SInv}
  2864 | D        | Entered arena 27.
  2872 | D        | Noticed an Ice Fiend
  2873 | D        | Noticed a shard shrike
  2873 | D        | Noticed an Ice Fiend
  2873 | D        | Noticed a shard shrike
  2873 | D        | Noticed an Ice Fiend
  2873 | D        | Noticed an Ice Fiend
  2874 | D        | Noticed a shard shrike
  2874 | D        | Killed a shard shrike
  2875 | D        | Noticed an Ice Fiend
  2875 | D        | Noticed an Ice Fiend
  2875 | D        | Noticed a titan
  2875 | D        | Killed a titan
  2875 | D        | Noticed an Ice Fiend
  2875 | D        | Noticed an Ice Fiend
  2875 | D        | Paralysed by a wendigo for 1 turns
  2875 | D        | Noticed a shard shrike
  2875 | D        | Noticed a shard shrike
  2876 | D        | Killed a titan
  2877 | D        | Killed a shard shrike
  2877 | D        | Killed from afar by an orb of fire

Illustrated notes

Levels and vault maps discovered:
D:        sprint_v [room_start, room_1, room_2, room_3, room_4, room_5, room_6,
          room_7, room_8, room_9, room_10, room_11, room_12, room_13, room_14,
          room_15, room_16, room_17, room_18, room_19, room_20, room_21,
          room_22, room_23, room_24, room_25, room_26, room_27]

Skill      XL: |  1  2  3  4  5  6  7  8  9 10 11 12 13 14 15 16 |
---------------+-------------------------------------------------+-----
Axes           | 9 11 14 15 16 18 19 20 21 23 25 27 | 27.0
Fighting       | 6 9 13 16 19 21 25 27 | 27.0
Armour         | 6 9 13 16 19 21 24 27 | 27.0
Shields        | 6 12 15 16 18 20 23 25 27 | 27.0
Evocations     | 7 14 16 | 16.3
Dodging        | 11 14 | 14.8
Stealth        | 9 12 | 12.6

Action                     |  1- 3 |  4- 6 |  7- 9 | 10-12 | 13-15 | 16-18 || total
---------------------------+-------+-------+-------+-------+-------+-------++-------
  Melee: Broad axe         |     8 |    10 |    25 |    66 |   114 |    13 ||   236
         Headbutt          |       |     1 |     4 |    14 |    27 |     2 ||    48
 Invoke: Bribe Branch      |       |       |       |     2 |     3 |     4 ||     9
         Potion Petition   |       |       |       |       |     2 |       ||     2
    Use: Potion            |       |     2 |     2 |       |     6 |     1 ||    11
         Scroll            |       |     1 |       |       |     1 |       ||     2
   Stab: Distracted        |       |       |     1 |     1 |     9 |     1 ||    12
         Confused          |       |       |       |     1 |       |       ||     1
         Petrified         |       |       |       |       |     2 |       ||     2
         Paralysed         |       |       |       |       |     1 |       ||     1
         Petrifying        |       |       |       |       |     2 |       ||     2
 Armour: Plate armour      |     4 |     7 |    11 |    18 |    73 |     6 ||   119
  Dodge: Dodged            |       |       |     1 |    19 |    42 |     3 ||    65
  Block: Kite shield       |    12 |    10 |    17 |    97 |   213 |     7 ||   356
